 Dungeon Crawl Stone Soup version 0.19.5 (webtiles) character file.

171 jerryfan the Ducker (level 5, -8/28 HPs)
             Began as a Spriggan Fighter on Mar 22, 2017.
             Mangled by jerryfan's ghost (13 damage)
             ... on level 3 of the Dungeon.
             The game lasted 00:13:30 (2963 turns).

jerryfan the Ducker (Spriggan Fighter)              Turns: 2963, Time: 00:13:31

Health: -8/28      AC:  4    Str: 17 (18) XL:     5   Next: 26%
Magic:  6/6        EV: 20    Int:  8 (10) God:
Gold:   214        SH:  6    Dex: 13 (15) Spells: 1 memorised, 3 levels left

rFire  . . .     SeeInvis +     s - +2 dagger (venom)
rCold  . . .     Gourm    .     b - +0 robe
rNeg   . . .     Faith    .     c - +0 buckler
rPois  .         Spirit   .     j - +2 hat
rElec  .         Reflect  .     (no cloak)
rCorr  .         Harm     .     (gloves unavailable)
MR     .....                    (boots unavailable)
Stlth  ++........               l - amulet of magic regeneration
                                (no ring)
                                (no ring)

@: mighty, very quick
A: unfitting armour, see invisible, herbivore 3, speed 3, slow metabolism 2
a: no special abilities


You were on level 3 of the Dungeon.
You were not hungry.

You visited 1 branch of the dungeon, and saw 4 of its levels.

You collected 214 gold pieces.

Inventory:

Hand Weapons
 a - a +0 rapier
 s - a +2 dagger of venom (weapon)
 y - a +2 dagger of holy wrath
Missiles
 q - 8 sling bullets
 r - 3 tomahawks (quivered)
 v - 5 curare-tipped needles
Armour
 b - a +0 robe (worn)
 c - a +0 buckler (worn)
 j - a +2 hat (worn)
 x - a +0 pair of gloves
Jewellery
 l - an amulet of magic regeneration (around neck)
Scrolls
 e - 2 scrolls of amnesia
 g - a scroll of remove curse
 i - 3 scrolls of fear
 k - a scroll of recharging
 n - 2 scrolls of identify
 p - a scroll of immolation
 z - a scroll of enchant armour {unknown}
 A - a scroll of fog {unknown}
Potions
 m - a potion of flight {unknown}
 o - a potion of lignification {unknown}
 t - a potion of haste {unknown}
Books
 w - a book of Cantrips

   Spells                             Type                      Level
   a - Confusing Touch                Hexes                        1
   b - Animate Skeleton               Necromancy                   1
   c - Summon Small Mammal            Summoning                    1
   d - Apportation                    Translocation                1
Comestibles
 f - 4 bread rations
 u - a slice of pizza


   Skills:
 + Level 2.8 Fighting
 + Level 3.9 Short Blades
 + Level 5.9 Dodging
 + Level 1.6 Stealth
 + Level 2.8 Shields


You had 3 spell levels left.
You knew the following spells:

 Your Spells              Type           Power        Failure   Level  Hunger
a - Summon Small Mammal   Summ           #...         63%         1    ##.....


Dungeon Overview and Level Annotations

Branches:
Dungeon (4/15)
 Temple: D:4-7

Altars:
Gozag
Okawaru
Qazlal
Xom
The Shining One

Annotations:
D:3 Jessica; jerryfan's ghost, weakling DgGl


Innate Abilities, Weirdness & Mutations

You are very small and have problems with some larger weapons.
You are too small for most types of armour.
You have supernaturally acute eyesight. (SInv)
You are a herbivore.
You cover ground extremely quickly.
You need consume almost no food.


Message History

Your rat misses jerryfan's ghost. Jerryfan's ghost barely misses you.
You miss jerryfan's ghost.
Jerryfan's ghost is lightly damaged.
Your rat misses jerryfan's ghost. Jerryfan's ghost hits you!
Ouch! That really hurt!
* * * LOW HITPOINT WARNING * * *
You barely miss jerryfan's ghost.
Jerryfan's ghost is lightly damaged.
Your rat misses jerryfan's ghost. You barely miss jerryfan's ghost.
Jerryfan's ghost is lightly damaged.
Jerryfan's ghost closely misses you.
Your rat bites jerryfan's ghost but does no damage.
Your rat closely misses jerryfan's ghost.
It was a potion of cancellation.
You feel magically purged.
Your magical contamination has completely faded away.
Your rat closely misses jerryfan's ghost.
You feel very mighty all of a sudden. Jerryfan's ghost hits you!
You die...

.. ####.....#.# #.
#....##.##.#
.######.#####....# .......
###.## #...#### #..#
###.....# #..# ....# #.##
###.r#
##..###..####...W##########
###..ยง....).....@>........#
#######...#).....#.>...##
###...##.....#####
#...###..#..# #....#
##>#.... ....#.# #.#.####
..#.##.. #...# .##.. ##.#
#.### #.# .


You could see jerryfan's ghost and a friendly rat.

Vanquished Creatures
  A howler monkey (D:4)
  Ijyb (D:2)
  2 adders (D:2)
  An ooze (D:1)
  3 worms (D:2)
  4 dart slugs
  An orc (D:4)
  5 giant cockroaches
  5 goblins
  4 hobgoblins
  A quokka (D:2)
  A ball python (D:2)
  5 bats
  7 frilled lizards
  2 kobolds
  39 rats
82 creatures vanquished.

Notes
Turn   | Place    | Note
-------+----------+-------------------------------------------
     0 | D:1      | jerryfan the Spriggan Fighter began the quest for the Orb.
     0 | D:1      | Reached XP level 1. HP: 11/11 MP: 2/2
   150 | D:1      | Reached XP level 2. HP: 16/16 MP: 3/3
   271 | D:1      | Found a glowing golden altar of the Shining One.
   617 | D:2      | Noticed Ijyb
   640 | D:2      | Found an opulent altar of Gozag.
   664 | D:2      | Killed Ijyb
   664 | D:2      | Reached skill level 5 in Dodging
   664 | D:2      | Reached XP level 3. HP: 10/19 MP: 4/4
  1525 | D:2      | Reached XP level 4. HP: 23/23 MP: 5/5
  1814 | D:2      | Found an iron altar of Okawaru.
  1814 | D:2      | Found a shimmering altar of Xom.
  2243 | D:3      | Noticed jerryfan's ghost (weakling DgGl)
  2256 | D:3      | Noticed a fire elemental
  2260 | D:3      | Noticed an earth elemental
  2269 | D:3      | Found a stormy altar of Qazlal.
  2271 | D:3      | Noticed an air elemental
  2282 | D:3      | Reached skill level 1 in Stealth
  2285 | D:3      | Noticed a water elemental
  2339 | D:3      | Noticed Jessica
  2738 | D:4      | Noticed an ogre
  2742 | D:4      | Reached XP level 5. HP: 19/28 MP: 6/6
  2840 | D:3      | Learned a level 1 spell: Summon Small Mammal
  2963 | D:3      | Mangled by jerryfan's ghost

Skill      XL: |  1  2  3  4 |
---------------+-------------+-----
Dodging        | 5 |  5.9
Short Blades   | 3 |  3.9
Stealth        | 1 |  1.6
Fighting       | |  2.8
Shields        | |  2.8

Action                   |  1- 3 |  4- 6 || total
-------------------------+-------+-------++-------
Melee: Rapier            |    89 |       ||    89
       Dagger            |     3 |   133 ||   136
Throw: Tomahawk          |       |     3 ||     3
 Cast: Summon Small Mamm |       |     1 ||     1
  Use: Scroll            |     5 |     2 ||     7
       Potion            |       |     4 ||     4
 Stab: Sleeping          |       |     4 ||     4
Armor: Robe              |     3 |    14 ||    17
Dodge: Dodged            |    41 |    95 ||   136
Block: Buckler           |    18 |    28 ||    46
